General information
			
			
        
        - name: BNet
 
        - type: Ladder team game (AT/RT)
 
        - host: Battle.net
 
        - saver: TIMG4STRok
 
        
map: Deadlock 
        - players: 8
 
        - length: 13:12
 
        - speed: Fast
 - version: 1.22 W3XP
 - replay type:  

 
» download(120 KB)
Players
        team 1 (winner) 
              
              
298739283939208 (
purple | 99 APM | 1305 actions | 13:11)
              
 2 Death Knight 
 1 Death Coil
 1 Unholy Aura
 1 Dreadlord 
 1 Sleep
 
                » actions 
                
                | Assign group hotkey | 59 |  | 
| Basic commands | 13 |  | 
| Build / train | 34 |  | 
| ESC pressed | 2 |  | 
| Enter build submenu | 24 |  | 
| Enter hero's abilities submenu | 3 |  | 
| Give item / drop item | 1 |  | 
| Remove unit from queue | 1 |  | 
| Right click | 420 |  | 
| Select / deselect | 198 |  | 
| Select group hotkey | 504 |  | 
| Use ability | 46 |  | 
                1305 total
 » units 
                
                | Acolyte | 8 |  | 
| Ghoul | 2 |  | 
| Crypt Fiend | 6 |  | 
                16 total
 » upgrades
                » buildings
                
                | Crypt | 1 |  | 
| Graveyard | 1 |  | 
| Altar of Darkness | 1 |  | 
| Ziggurat | 7 |  | 
| Tomb of Relics | 1 |  | 
| Nerubian Tower | 1 |  | 
| Halls of the Dead | 1 |  | 
| Spirit Tower | 2 |  | 
| Necropolis | 1 |  | 
| Black Citadel | 1 |  | 
| Sacrificial Pit | 1 |  | 
| Boneyard | 3 |  | 
                21 total
 » build order
                00:06 Crypt
00:18 Graveyard
00:42 Altar of Darkness
00:57 Ziggurat
01:27 Tomb of Relics
02:00 Nerubian Tower
02:33 Ziggurat
04:22 Ziggurat
04:24 Ziggurat
04:27 Ziggurat
05:09 Ziggurat
05:55 Halls of the Dead
06:09 Spirit Tower
06:23 Necropolis
06:55 Spirit Tower
07:04 Ziggurat
09:19 Black Citadel
09:41 Sacrificial Pit
11:45 Boneyard
11:45 Boneyard
11:47 Boneyard
» items
                
                | Rod of Necromancy | 2 |  | 
| Sacrificial Skull | 1 |  | 
                3 total
  
               
              
              
» 
BRAUMS (
orange | 86 APM | 1133 actions | 13:11)
              
 3 Blademaster 
 1 Wind Walk
 2 Critical Strike
 3 Shadow Hunter 
 2 Hex
 1 Healing Wave
 
                » actions 
                
                | Assign group hotkey | 8 |  | 
| Basic commands | 76 |  | 
| Build / train | 37 |  | 
| ESC pressed | 1 |  | 
| Enter build submenu | 11 |  | 
| Enter hero's abilities submenu | 6 |  | 
| Right click | 458 |  | 
| Select / deselect | 243 |  | 
| Select group hotkey | 258 |  | 
| Use ability | 35 |  | 
                1133 total
 » units 
                
                | Peon | 8 |  | 
| Wind Rider | 7 |  | 
| Troll Batrider | 1 |  | 
                16 total
 » upgrades
                
                | Envenomed Spears | 1 |  | 
| Ranged Weapons | 2 |  | 
| Liquid Fire | 1 |  | 
| Armor | 1 |  | 
                5 total
 » buildings
                
                | Altar of Storms | 1 |  | 
| Orc Burrow | 5 |  | 
| Voodoo Lounge | 1 |  | 
| War Mill | 1 |  | 
| Stronghold | 1 |  | 
| Beastiary | 2 |  | 
| Fortress | 1 |  | 
                12 total
 » build order
                00:03 Altar of Storms
00:06 Orc Burrow
00:24 Voodoo Lounge
01:31 War Mill
02:33 Stronghold
03:00 Orc Burrow
03:19 Orc Burrow
04:33 Orc Burrow
05:08 Beastiary
05:09 Beastiary
06:12 Fortress
10:32 Orc Burrow
» items
                
                | Lesser Clarity Potion | 3 |  | 
| Healing Salve | 2 |  | 
| Scroll of Town Portal | 1 |  | 
                6 total
  
               
              
              
PatheticRTn00bs (
green | 201 APM | 2650 actions | 13:11)
              
 2 Crypt Lord 
 1 Carrion Beetles
 1 Spiked Carapace
 
                » actions 
                
                | Assign group hotkey | 12 |  | 
| Basic commands | 39 |  | 
| Build / train | 47 |  | 
| Enter build submenu | 25 |  | 
| Enter hero's abilities submenu | 2 |  | 
| Remove unit from queue | 2 |  | 
| Right click | 735 |  | 
| Select / deselect | 245 |  | 
| Select group hotkey | 1518 |  | 
| Use ability | 25 |  | 
                2650 total
 » units 
                
                | Acolyte | 17 |  | 
| Ghoul | 6 |  | 
| Meatwagon | 2 |  | 
                25 total
 » upgrades
                
                | Unholy Strength | 2 |  | 
| Creature Carapace | 1 |  | 
| Creature Attack | 1 |  | 
                4 total
 » buildings
                
                | Graveyard | 1 |  | 
| Crypt | 1 |  | 
| Ziggurat | 7 |  | 
| Altar of Darkness | 1 |  | 
| Necropolis | 1 |  | 
| Tomb of Relics | 2 |  | 
| Nerubian Tower | 2 |  | 
| Halls of the Dead | 1 |  | 
| Slaughterhouse | 3 |  | 
| Spirit Tower | 3 |  | 
| Black Citadel | 1 |  | 
| Sacrificial Pit | 1 |  | 
| Boneyard | 3 |  | 
                27 total
 » build order
                00:05 Graveyard
00:07 Crypt
00:36 Ziggurat
00:55 Altar of Darkness
01:54 Necropolis
02:05 Tomb of Relics
02:17 Nerubian Tower
02:17 Nerubian Tower
03:04 Halls of the Dead
05:37 Slaughterhouse
05:39 Slaughterhouse
05:45 Slaughterhouse
05:55 Ziggurat
05:57 Ziggurat
06:17 Tomb of Relics
06:48 Spirit Tower
07:16 Ziggurat
08:24 Spirit Tower
09:00 Black Citadel
09:02 Ziggurat
09:04 Ziggurat
10:06 Sacrificial Pit
10:09 Ziggurat
11:43 Boneyard
11:44 Boneyard
11:45 Boneyard
» items
                
                | Boots of Speed | 1 |  | 
| Scroll of Town Portal | 1 |  | 
                2 total
  
               
              
              
» 
TIMG4STRok (
yellow | 105 APM | 1383 actions | 13:12)
              
 3 Tauren Chieftain 
 2 Shockwave
 1 Endurance Aura
 2 Pandaren Brewmaster 
 1 Breath of Fire
 1 Drunken Haze
 
                » actions 
                
                | Assign group hotkey | 13 |  | 
| Basic commands | 87 |  | 
| Build / train | 41 |  | 
| ESC pressed | 1 |  | 
| Enter build submenu | 16 |  | 
| Enter hero's abilities submenu | 5 |  | 
| Give item / drop item | 1 |  | 
| Right click | 519 |  | 
| Select / deselect | 99 |  | 
| Select group hotkey | 565 |  | 
| Use ability | 36 |  | 
                1383 total
 » units 
                » upgrades
                
                | Envenomed Spears | 1 |  | 
| Ranged Weapons | 2 |  | 
                3 total
 » buildings
                
                | Altar of Storms | 1 |  | 
| Orc Burrow | 6 |  | 
| Barracks | 1 |  | 
| Voodoo Lounge | 1 |  | 
| Stronghold | 2 |  | 
| Beastiary | 2 |  | 
| War Mill | 1 |  | 
| Great Hall | 2 |  | 
| Fortress | 1 |  | 
| Watch Tower | 1 |  | 
                18 total
 » build order
                00:06 Altar of Storms
00:13 Orc Burrow
00:47 Barracks
01:49 Orc Burrow
02:10 Voodoo Lounge
02:52 Stronghold
02:52 Stronghold
03:30 Orc Burrow
05:16 Beastiary
05:17 Beastiary
05:49 Orc Burrow
05:59 War Mill
06:04 Orc Burrow
07:27 Great Hall
08:27 Great Hall
09:16 Fortress
09:21 Watch Tower
11:46 Orc Burrow
» items
                
                | Healing Salve | 1 |  | 
| Lesser Clarity Potion | 2 |  | 
| Boots of Speed | 1 |  | 
                4 total
  
               team 2 (loser) 
              
              
              
» 
DASOCKBANDIT (
teal | 116 APM | 1191 actions | 10:16)
              
 3 Archmage 
 2 Summon Water Elemental
 1 Brilliance Aura
 1 Mountain King 
 1 Storm Bolt
 
                » actions 
                
                | Assign group hotkey | 27 |  | 
| Basic commands | 2 |  | 
| Build / train | 57 |  | 
| Enter build submenu | 30 |  | 
| Enter hero's abilities submenu | 4 |  | 
| Right click | 391 |  | 
| Select / deselect | 277 |  | 
| Select group hotkey | 346 |  | 
| Use ability | 57 |  | 
                1191 total
 » units 
                » upgrades
                » buildings
                
                | Altar of Kings | 1 |  | 
| Barracks | 1 |  | 
| Farm | 5 |  | 
| Town Hall | 1 |  | 
| Scout Tower | 16 |  | 
| Arcane Tower | 3 |  | 
| Lumber Mill | 1 |  | 
| Guard Tower | 15 |  | 
| Arcane Vault | 1 |  | 
| Keep | 2 |  | 
| Blacksmith | 1 |  | 
                47 total
 » build order
                00:06 Altar of Kings
00:24 Barracks
00:39 Farm
00:53 Farm
01:34 Farm
02:31 Farm
03:50 Town Hall
04:02 Scout Tower
04:07 Scout Tower
04:10 Scout Tower
04:18 Scout Tower
04:28 Arcane Tower
04:28 Arcane Tower
04:38 Lumber Mill
04:46 Arcane Tower
05:03 Guard Tower
05:03 Guard Tower
05:10 Guard Tower
05:11 Guard Tower
05:18 Scout Tower
05:47 Guard Tower
05:48 Scout Tower
05:56 Scout Tower
05:57 Scout Tower
06:16 Guard Tower
06:16 Guard Tower
06:17 Scout Tower
06:24 Arcane Vault
06:35 Keep
06:35 Keep
06:48 Scout Tower
06:53 Guard Tower
06:55 Scout Tower
07:10 Guard Tower
07:23 Guard Tower
07:31 Guard Tower
07:32 Farm
07:51 Blacksmith
09:14 Scout Tower
09:15 Scout Tower
09:17 Scout Tower
10:05 Guard Tower
10:05 Guard Tower
10:14 Scout Tower
10:15 Scout Tower
» items
                
                | Scroll of Regeneration | 1 |  | 
| Scroll of Town Portal | 1 |  | 
                2 total
  
               
              
              
» 
islapapoobum (
blue | 71 APM | 728 actions | 10:15)
              
 1 Priestess of the Moon 
 1 Trueshot Aura
 
                » actions 
                
                | Assign group hotkey | 28 |  | 
| Basic commands | 23 |  | 
| Build / train | 38 |  | 
| ESC pressed | 2 |  | 
| Enter build submenu | 13 |  | 
| Enter hero's abilities submenu | 1 |  | 
| Right click | 267 |  | 
| Select / deselect | 137 |  | 
| Select group hotkey | 200 |  | 
| Use ability | 19 |  | 
                728 total
 » units 
                » buildings
                
                | Altar of Elders | 1 |  | 
| Moon Well | 5 |  | 
| Hunter's Hall | 1 |  | 
| Ancient of War | 2 |  | 
| Ancient Protector | 2 |  | 
                11 total
 » build order
                00:06 Altar of Elders
00:18 Moon Well
01:54 Hunter's Hall
01:55 Ancient of War
02:09 Moon Well
02:27 Ancient of War
02:58 Moon Well
05:40 Moon Well
06:28 Moon Well
07:28 Ancient Protector
07:55 Ancient Protector
 
               
              
              
» 
JeffWesder (
red | 150 APM | 1530 actions | 10:12)
              
 3 Death Knight 
 2 Death Coil
 1 Unholy Aura
 1 Lich 
 1 Frost Nova
 
                » actions 
                
                | Assign group hotkey | 111 |  | 
| Build / train | 44 |  | 
| ESC pressed | 5 |  | 
| Enter build submenu | 17 |  | 
| Enter hero's abilities submenu | 4 |  | 
| Right click | 798 |  | 
| Select / deselect | 165 |  | 
| Select group hotkey | 351 |  | 
| Use ability | 35 |  | 
                1530 total
 » units 
                
                | Acolyte | 8 |  | 
| Ghoul | 4 |  | 
| Crypt Fiend | 6 |  | 
                18 total
 » upgrades
                » buildings
                
                | Graveyard | 2 |  | 
| Crypt | 4 |  | 
| Altar of Darkness | 1 |  | 
| Ziggurat | 4 |  | 
| Tomb of Relics | 1 |  | 
| Halls of the Dead | 1 |  | 
| Spirit Tower | 4 |  | 
| Black Citadel | 4 |  | 
| Necropolis | 1 |  | 
| Sacrificial Pit | 1 |  | 
                23 total
 » build order
                00:10 Graveyard
00:16 Crypt
00:21 Graveyard
00:24 Crypt
00:27 Crypt
00:46 Altar of Darkness
01:06 Ziggurat
01:23 Crypt
01:35 Ziggurat
02:00 Tomb of Relics
04:50 Halls of the Dead
05:08 Ziggurat
05:12 Ziggurat
07:06 Spirit Tower
07:16 Spirit Tower
08:13 Black Citadel
08:13 Black Citadel
08:13 Black Citadel
08:39 Necropolis
09:17 Sacrificial Pit
» items
                 
                Chat log
          (00:12 / All) DASOCKBANDIT: hold on talons
(00:14 / All) 298739283939208: brb pizza
(00:15 / All) TIMG4STRok: brb
(00:16 / All) TIMG4STRok: hold on
(00:17 / All) DASOCKBANDIT: going to fuck russell
(00:31 / All) TIMG4STRok: gl hf
(00:35 / All) JeffWesder: you suck
(01:08 / Allies) PatheticRTn00bs: are u guys able to 
(01:10 / Allies) BRAUMS: p4k
(01:11 / Allies) BRAUMS: original
(01:14 / Allies) BRAUMS: yeeyey
(01:15 / Allies) PatheticRTn00bs: creep that
(01:17 / Allies) PatheticRTn00bs: fast?
(01:17 / Allies) PatheticRTn00bs: for me
(01:23 / Allies) TIMG4STRok: probably not
(01:24 / All) BRAUMS: Fighting[p4k]
(01:26 / Allies) PatheticRTn00bs: k
(01:31 / Allies) TIMG4STRok: mb
(01:33 / Allies) TIMG4STRok: idk
(01:38 / Allies) PatheticRTn00bs: i'll jus take this then
(01:59 / Allies) BRAUMS: they're
(02:03 / Allies) BRAUMS: scouting
(02:40 / Allies) BRAUMS: wow
(02:56 / Allies) PatheticRTn00bs: ooh
(02:59 / Allies) PatheticRTn00bs: shouldn thave cancelled
(03:01 / Allies) PatheticRTn00bs: he was dum
(03:01 / Allies) PatheticRTn00bs: b
(03:32 / Allies) PatheticRTn00bs: comeher
(03:32 / Allies) PatheticRTn00bs: now
(03:33 / Allies) PatheticRTn00bs: now
(03:42 / Allies) PatheticRTn00bs: have no skellies
(03:43 / Allies) PatheticRTn00bs: :(
(04:01 / All) BRAUMS: tt
(04:40 / All) PatheticRTn00bs: i care blue
(06:31 / Allies) BRAUMS: dont do dumb shit
(06:32 / Allies) BRAUMS: we got this
(06:34 / Allies) TIMG4STRok: any wood/gold
(08:35 / Allies) PatheticRTn00bs: coimng back
(10:19 / All) PatheticRTn00bs: too easy..
(10:23 / Allies) BRAUMS: they had an afk
(10:25 / Allies) BRAUMS: stop
(10:27 / All) PatheticRTn00bs: yeah rofl
(10:30 / All) PatheticRTn00bs: oh yeah
(10:31 / Allies) TIMG4STRok: you kidding
(10:31 / All) PatheticRTn00bs: sru
(10:32 / All) PatheticRTn00bs: sry
(10:33 / Allies) TIMG4STRok: they always talk shit.
(10:40 / Allies) BRAUMS: not gonna do it
(10:41 / Allies) BRAUMS: to them
(10:41 / Allies) 298739283939208: TALONS IS MANNERED
(10:45 / Allies) TIMG4STRok: we;ve had corr go afk and they talk shit
(11:00 / Allies) PatheticRTn00bs: i have wagons so it dosent matte ranyway
(11:02 / Allies) PatheticRTn00bs: i can kill buhilidings